 Dungeon Crawl Stone Soup version 0.29.1-14-g9c671dbff4 (webtiles) character file.

Game seed: 7590276335309277942

207 Wobber the Changer (level 5, 0/33 HPs)
             Began as an Octopode Transmuter on Feb 14, 2023.
             Slain by Edmund
             ... wielding a +3 vorpal flail
              (6 damage)
             ... on level 4 of the Dungeon.
             The game lasted 00:09:11 (4518 turns).

Wobber the Changer (Octopode Transmuter)            Turns: 4518, Time: 00:09:12

Health: 0/33       AC:  2    Str:  9    XL:     5   Next: 85%
Magic:  7/9        EV: 20    Int: 18    God:
Gold:   143        SH:  0    Dex: 23    Spells: 6/10 levels left

rFire   . . .      SeeInvis .     - Unarmed
rCold   . . .      Faith    .   (shield currently unavailable)
rNeg    . . .      Spirit   .   (helmet currently unavailable)
rPois   x          Reflect  .   (no amulet)
rElec   .          Harm     .   x - +6 ring of dexterity
rCorr   .          Rampage  .   (no ring)
Will    .....                   (no ring)
Stlth   ++........              (no ring)
HPRegen 0.11/turn               (no ring)
MPRegen 0.11/turn               (no ring)
                                (no ring)
                                (no ring)

@: spider-form (expiring)
A: venomous fangs, almost no armour, (amphibious), 8 rings, tiny, (camouflage
1), (gelatinous body 1), (nimble swimmer 1), (tentacles)
a: End Transformation


You were on level 4 of the Dungeon.
You were a venomous arachnid creature.
You visited 1 branch of the dungeon, and saw 4 of its levels.

You collected 143 gold pieces.

Inventory:

Hand Weapons
 a - a +1 sling
 r - a +2 halberd of freezing
Missiles
 g - 21 stones
 l - 5 silver boomerangs
 o - 5 javelins
 v - 2 silver javelins
Magical Staves
 h - a staff of fire
Jewellery
 x - a +6 ring of dexterity (left front leg)
Wands
 w - a wand of charming (8)
Scrolls
 d - a scroll of enchant armour {unknown}
 f - 2 scrolls of enchant weapon
 q - 2 scrolls of teleportation
Potions
 b - a potion of haste
 c - a potion of flight
 e - 5 potions of mutation
 j - a potion of magic {unknown}
 k - a potion of curing
 m - a potion of berserk rage {unknown}
 p - 2 potions of lignification
 t - a potion of might


   Skills:
 - Level 1.0 Fighting
 - Level 2.0 Dodging
 - Level 3.0 Unarmed Combat
 + Level 3.0 Spellcasting
 * Level 4.4 Transmutations
 * Level 3.2 Poison Magic


You had 6 spell levels left.
You knew the following spells:

 Your Spells              Type           Power      Damage    Failure   Level
a - Beastly Appendage     Tmut           36%        N/A       10%         1
b - Spider Form           Tmut/Pois      16%        N/A       24%         3

Your spell library contained the following spells:

 Spells                   Type           Power      Damage    Failure   Level
 Wereblood                Tmut           18%        N/A       13%         2
 Apportation              Tloc           4%         N/A       34%         1
 Necrotise                Necr           8%         1d4       34%         1
 Summon Small Mammal      Summ           8%         N/A       34%         1
 Ice Form                 Ice/Tmut       10%        N/A       75%         4
 Malign Gateway           Summ/Tloc      1%         N/A       100%        7
 Summon Horrible Things   Summ           1%         N/A       100%        8


Dungeon Overview and Level Annotations

Branches:
Dungeon (4/15)
 Temple: D:4-7

Altars:
Cheibriados

Annotations:
D:4 Edmund


Innate Abilities, Weirdness & Mutations

You are a venomous arachnid creature.
You have poisonous fangs.
You are tiny and dextrous.
Your spellcasting is less reliable in this form.
Your armour is entirely melded.
You are incapable of wielding weapons or throwing items.
You cannot wear most types of armour.
((You are amphibious.))
You can wear up to eight rings at the same time.
((Your skin changes colour to match your surroundings (Stealth+).))
((Your rubbery body absorbs attacks. (AC +1, EV +1)))
((You are camouflaged when in or above water. (Stealth+)))
((You have tentacles for arms and can constrict up to eight enemies at once.))


Message History

You see here 2 scrolls of enchant weapon.
f - 2 scrolls of enchant weapon
Casting: Beastly Appendage (safe; 2% risk of failure)
Confirm with . or Enter, or press ? or * to list all spells.
The spell is quite dangerous to miscast (10% risk of failure)!
Continue anyway?
You turn into a venomous arachnid creature.
Found a stone staircase leading down.
Edmund shouts!
You hear an angry hiss.
A ball python comes into view.
Found a chain mail.
The ball python hisses angrily.
Edmund completely misses you.
You hit Edmund but do no damage.
Your transformation is almost over.
Edmund closely misses you.
You hit Edmund but do no damage.
Edmund is poisoned.
Edmund gestures with his flail.
Edmund completely misses you.
You barely miss Edmund. Edmund misses you.
You barely miss Edmund.
Edmund is lightly wounded.
The ball python barely misses you. The ball python misses you.
Edmund barely misses you.
You bite Edmund!
Edmund looks even sicker.
Edmund is moderately wounded.
The ball python completely misses you. The ball python grabs you.
The ball python constricts you. Edmund closely misses you.
The ball python bites you. The ball python constricts you.
You hit Edmund.
Edmund looks as sick as possible!
Edmund is moderately wounded.
Edmund hits you with a +3 vorpal flail!
The ball python bites you but does no damage.
The ball python constricts you.
You escape the ball python's grasp.
Edmund attacks as you move away! Edmund hits you with a +3 vorpal flail!
* * * LOW HITPOINT WARNING * * *
x2 You hit Edmund.
Edmund looks as sick as possible!
Edmund is almost dead.
Edmund hits you with a +3 vorpal flail.
You die...

#..## #..#...# ..###...... ##..##
##....... ....# ##.....
##..####....... ....# ##....
#...........# ....# ##...
#..........## .>..# ##.#
#...........# ....## #..#
#...###......######.....#####.##
.....# ##......#.S...$...##....#
....## #.......s@.............##
................####........##.<#
.............#### ....... #...
.##.....####.# ....#........
...## #.. ...##<....... #.# ##.#
#..###....... #. .# ..# #.......
.. [.. #.....## ......#


You could see Edmund (extremely poisoned) and a ball python.

Vanquished Creatures
  An ogre (D:4)
  4 gnolls (D:2)
  3 adders
  A worm (D:2)
  3 dart slugs
  4 bats
  6 endoplasms
  4 giant cockroaches
  3 goblins
  3 hobgoblins (D:2)
  4 kobolds
  2 quokkas
  7 ball pythons
  3 frilled lizards
  3 rats
51 creatures vanquished.

Vanquished Creatures (others)
  2 demonic plants (D:1)
2 creatures vanquished.

Grand Total: 53 creatures vanquished

Notes
Turn   | Place    | Note
-------+----------+-------------------------------------------
     0 | D:1      | Wobber the Octopode Transmuter began the quest for the Orb.
     0 | D:1      | Reached XP level 1. HP: 13/13 MP: 3/3
   307 | D:1      | Reached XP level 2. HP: 15/18 MP: 3/5
   467 | D:1      | Found a faded altar of an unknown god.
   467 | D:1      | Noticed a Hell Sentinel
   496 | D:1      | You fall into a shaft and drop 1 floor!
  1319 | D:2      | Reached skill level 3 in Transmutations
  1441 | D:2      | Reached XP level 3. HP: 23/23 MP: 4/6
  1447 | D:2      | Learned a level 3 spell: Spider Form
  1602 | D:2      | Reached skill level 1 in Poison Magic
  1943 | D:2      | Reached XP level 4. HP: 21/28 MP: 7/7
  2996 | D:3      | Found a snail-covered altar of Cheibriados.
  3933 | D:4      | Reached XP level 5. HP: 33/33 MP: 7/9
  3961 | D:4      | Noticed an ogre
  3995 | D:3      | Reached skill level 4 in Transmutations
  4250 | D:4      | Killed an ogre
  4500 | D:4      | Noticed Edmund
  4518 | D:4      | Slain by Edmund

Illustrated notes

Levels and vault maps discovered:
D:1:      dpeg_arrival_rooms_with_view, layout_loops_corners,
          dreamdust_ecumenical_altar_sealed_demon
D:2:      layout_basic, serial_curves, eino_curves_01, eino_curves_03
D:3:      layout_basic, nicolae_overflow_crystal_walls
D:4:      layout_layer_cave, minmay_manual_mullet, uniq_edmund

Skill      XL: |  1  2  3  4  5 |
---------------+----------------+-----
Transmutations | 3 4 |  4.4
Poison Magic   | 1 2 3 |  3.2
Spellcasting   | 3 |  3.0
Fighting       | |  1.0
Dodging        | |  2.0
Unarmed Combat | |  3.0

Action                   |  1- 3 |  4- 6 || total
-------------------------+-------+-------++-------
Melee: Unarmed           |    66 |    56 ||   122
       Kick              |    21 |    12 ||    33
       Constrict         |    16 |    13 ||    29
       Tentacles         |    16 |    14 ||    30
       Punch             |     4 |       ||     4
 Fire: Sling             |     8 |     9 ||    17
 Cast: Beastly Appendage |    19 |    19 ||    38
       Spider Form       |       |     1 ||     1
  Use: Scroll            |       |    10 ||    10
 Stab: Sleeping          |     6 |     5 ||    11
Armor: Skin              |     6 |     3 ||     9
Dodge: Dodged            |    36 |    32 ||    68
